 Dungeon Crawl Stone Soup version 0.27.0-1-g7a089689b8 (webtiles) character file.

Game seed: 11053113100236415745

181 robertstho the Skirmisher (level 5, -3/70 HPs)
             Began as a Draconian Berserker on Aug 6, 2021.
             Was a Believer of Trog.
             Slain by Pikel (4 damage)
             ... on level 5 of the Dungeon.
             The game lasted 00:02:49 (2892 turns).

robertstho the Skirmisher (Draconian Berserker)     Turns: 2892, Time: 00:02:50

Health: -3/70      AC:  7    Str: 27    XL:     5   Next: 34%
Magic:  5/5        EV: 12    Int:  7    God:    Trog [**....]
Gold:   142        SH:  0    Dex: 10    Spells: 4/4 levels left

rFire    . . .     SeeInvis .   a - +0 hand axe
rCold    . . .     Faith    .   (no shield)
rNeg     . . .     Spirit   .   (armour unavailable)
rPois    .         Reflect  .   (helmet restricted)
rElec    .         Harm     .   c - +0 cloak
rCorr    .         Rampage  .   j - +0 pair of gloves
Will     .....                  (no boots)
Stlth    ..........             (no amulet)
HPRegen  0.21/turn              f - +6 ring of strength
MPRegen  0.09/turn              (no ring)

@: berserking (expiring), slowed
A: AC +5, unfitting armour, cold-blooded
a: Renounce Religion, Berserk, Trog's Hand


You were on level 5 of the Dungeon.
You worshipped Trog.
Trog was pleased with you.
You visited 1 branch of the dungeon, and saw 5 of its levels.

You collected 142 gold pieces.

Inventory:

Hand Weapons
 a - a +0 hand axe (weapon)
Armour
 c - a +0 cloak (worn)
 j - a +0 pair of gloves (worn)
Jewellery
 f - a +6 ring of strength (left hand)
Wands
 m - a wand of paralysis (11)
 r - a wand of charming (5)
Scrolls
 b - a scroll of teleportation {unknown}
 d - 2 scrolls of identify
 g - a scroll of fear {unknown}
 h - 3 scrolls of amnesia
 i - a scroll of blinking {unknown}
 k - a scroll of silence {unknown}
 l - a scroll of enchant weapon {unknown}
 o - a scroll of fog {unknown}
 q - a scroll of enchant armour
Potions
 e - a potion of flight {unknown}
 n - a potion of haste {unknown}
 p - a potion of lignification {unknown}


   Skills:
 * Level 4.7 Fighting
 + Level 4.3 Axes
 + Level 3.3 Dodging
 + Level 1.4 Stealth


You had 4 spell levels left.
You didn't know any spells.
Your spell library was empty.

Dungeon Overview and Level Annotations

Branches:
Dungeon (6/15)
 Temple: D:4-7

Altars:
Okawaru

Shops:
D:1 [   D:5 =

Annotations:
D:5 Pikel


Innate Abilities, Weirdness & Mutations

Your plain brown scales are hard. (AC +5)
You cannot fit into any form of body armour.
You are cold-blooded and may be slowed by cold attacks.


Message History

Pikel is severely wounded.
You hit the lemure. You closely miss the lemure.
You feel yourself speed up.
Pikel hits you with a +2 whip of freezing.
Pikel freezes you. The lemure hits you.
You hit Pikel but do no damage. You tail-slap Pikel.
Pikel is severely wounded.
You barely miss the lemure. You slash the lemure!
You hit the lemure but do no damage.
Pikel hits you with a +2 whip of freezing!
Pikel freezes you.
The lemure hits you. x2; The lemure closely misses you.
You closely miss Pikel. You tail-slap Pikel.
Pikel is severely wounded.
You hit the lemure. x2; You slash the lemure!
Pikel closely misses you. The lemure hits you but does no damage.
The lemure barely misses you.
You hit Pikel but do no damage.
Your tail-slap misses Pikel.
Pikel is severely wounded.
You closely miss the lemure. x3; The lemure hits you.
Pikel hits you with a +2 whip of freezing.
* * * LOW HITPOINT WARNING * * *
You feel yourself slow down. Pikel freezes you.
* * * LOW HITPOINT WARNING * * *
You barely miss Pikel.
Pikel is severely wounded.
You closely miss the lemure. You hit the lemure. You barely miss the lemure.
The lemure closely misses you. The lemure barely misses you.
The lemure closely misses you.
Pikel hits you with a +2 whip of freezing!
* * * LOW HITPOINT WARNING * * *
You feel as though you will be slow longer.
Pikel freezes you.
* * * LOW HITPOINT WARNING * * *
You closely miss Pikel.
Pikel is severely wounded.
You hit the lemure.
You closely miss the lemure. x2; The lemure hits you.
* * * LOW HITPOINT WARNING * * *
The lemure barely misses you. The lemure hits you.
* * * LOW HITPOINT WARNING * * *
Pikel hits you with a +2 whip of freezing.
You die...

.#. #......#
.[ ..
###......# .
≈≈ #......).#
≈≈≈
#.#......#
###....>.#
#........#
#.5#######
#5K5#
#########5@##
#..........#
#..........#
#..........#
#..........#
#..........#
############


You could see Pikel, 3 lemures and a shadow imp.

Vanquished Creatures
  A kobold brigand (D:3)
  A jelly (D:2)
  An adder (D:2)
  A shadow imp (D:5)
  A worm (D:3)
  3 dart slugs
  A ball python (D:2)
  6 endoplasms
  A giant cockroach (D:2)
  6 goblins
  2 hobgoblins (D:3)
  15 kobolds
  2 quokkas
  8 bats
  4 frilled lizards
  4 rats
57 creatures vanquished.

Vanquished Creatures (others)
  5 plants
5 creatures vanquished.

Grand Total: 62 creatures vanquished

Notes
Turn   | Place    | Note
-------+----------+-------------------------------------------
     0 | D:1      | robertstho the Draconian Berserker began the quest for the
                  | Orb.
     0 | D:1      | Reached XP level 1. HP: 19/19 MP: 1/1
   140 | D:1      | Found Oxaowona's Antique Armour Emporium.
   265 | D:1      | Reached XP level 2. HP: 26/26 MP: 2/2
   315 | D:1      | Found a faded altar of an unknown god.
  1091 | D:2      | Reached XP level 3. HP: 30/33 MP: 3/3
  1188 | D:2      | Reached ** piety under Trog
  1189 | D:2      | Reached XP level 4. HP: 37/40 MP: 4/4
  2044 | D:3      | Found an iron altar of Okawaru.
  2447 | D:3      | Noticed a kobold brigand
  2459 | D:3      | Killed a kobold brigand
  2460 | D:3      | Reached skill level 1 in Stealth
  2460 | D:3      | Reached XP level 5. HP: 40/47 MP: 5/5
  2649 | D:3      | You fall into a shaft and drop 3 floors!
  2823 | D:5      | Entered Level 5 of the Dungeon
  2864 | D:5      | Noticed a lemure
  2865 | D:5      | Noticed a lemure
  2866 | D:5      | Noticed Pikel
  2866 | D:5      | Noticed a lemure
  2866 | D:5      | Noticed a lemure
  2867 | D:5      | Found Mounek's Jewellery Boutique.
  2892 | D:5      | HP: 1/70 [lemure[Pikel] (6)]
  2892 | D:5      | Slain by Pikel

Illustrated notes

Levels and vault maps discovered:
D:1:      lemuel_arrival_hallway, layout_basic,
          shapermc_ecumenical_altar_ellora, serial_shops, nicolae_shop_stone,
          columned_hall_lemuel
D:2:      layout_basic, chequers_big_river
D:3:      cheibrodos_thug_alley, layout_basic, okawaru_metal_pillars_1_2,
          serial_curves, eino_curves_03, eino_curves_04
D:5:      layout_rooms, serial_shops, nicolae_take_the_stairs,
          nicolae_lakefront_shop, shop, shop, dk_noncrumbling_2, uniq_grinder,
          uniq_blork_the_orc, uniq_pikel
D:6:      layout_basic, nicolae_qazlal_scattered_showers, kennysheep_mini,
          biasface_ghost_orc_armoury, serial_shops, nicolae_diamond_shop,
          kennysheep_flooded_box, serial_bayou_pond_c

Skill      XL: |  1  2  3  4 |
---------------+-------------+-----
Dodging        | 3 |  3.3
Fighting       | 4 |  4.7
Axes           | 4 |  4.3
Stealth        | 1 |  1.4

Action                   |  1- 3 |  4- 6 || total
-------------------------+-------+-------++-------
Melee: Hand axe          |    73 |    92 ||   165
       Tailslap          |     7 |    13 ||    20
Invok: Berserk           |     2 |     2 ||     4
  Use: Scroll            |       |     2 ||     2
 Stab: Sleeping          |     2 |     2 ||     4
Armor: Skin              |    27 |    18 ||    45
Dodge: Dodged            |    39 |    51 ||    90
